 Dungeon Crawl Stone Soup version 0.19.5 (webtiles) character file.

46 McKennaii the Skirmisher (level 3, -1/29 HPs)
             Began as a Demonspawn Abyssal Knight on Apr 25, 2017.
             Was a Follower of Lugonu.
             Slain by Grinder (7 damage)
             ... on level 3 of the Dungeon.
             The game lasted 00:04:13 (1308 turns).

McKennaii the Skirmisher (DsAK)                     Turns: 1308, Time: 00:04:14

Health: -1/29      AC:  7    Str: 11 (12) XL:     3   Next: 44%
Magic:  4/4        EV: 11    Int: 10 (13) God:    Lugonu [*.....]
Gold:   107        SH:  0    Dex: 14 (15) Spells: 0 memorised, 2 levels left

rFire  . . .     SeeInvis .     a - +1 falchion
rCold  . . .     Gourm    .     b - +1 leather armour
rNeg   . . .     Faith    .     (no shield)
rPois  .         Spirit   .     (no helmet)
rElec  .         Reflect  .     e - +2 cloak
rCorr  .         Harm     .     (no gloves)
MR     .....                    (no boots)
Stlth  +.........               (no amulet)
                                (no ring)
                                g - ring of loudness (curse)

@: no status effects
A: thin skeletal structure 1, spiny 1
a: Depart the Abyss, Renounce Religion


You were on level 3 of the Dungeon.
You worshipped Lugonu.
Lugonu was aware of your devotion.
You were not hungry.

You visited 1 branch of the dungeon, and saw 3 of its levels.
You visited the Abyss 1 time.

You collected 107 gold pieces.

Inventory:

Hand Weapons
 a - a +1 falchion (weapon)
Armour
 b - a +1 leather armour (worn)
 e - a +2 cloak (worn)
Jewellery
 g - a cursed ring of loudness (left hand)
Scrolls
 h - 2 scrolls of identify
 i - 2 scrolls of teleportation
Potions
 f - a potion of cure mutation {unknown}
 j - 2 potions of flight
 k - a potion of invisibility {unknown}
Comestibles
 c - 2 bread rations
 d - 2 fruits


   Skills:
 + Level 3.6 Fighting
 + Level 2.4 Long Blades
 + Level 2.1 Armour
 + Level 1.2 Dodging
 + Level 2.5 Invocations


You had 2 spell levels left.
You didn't know any spells.

Dungeon Overview and Level Annotations

Branches:
Dungeon (3/15)

Altars:

Annotations:
D:3 Grinder


Innate Abilities, Weirdness & Mutations

You have a somewhat thin skeletal structure. (Dex +2, Stealth)
You are partially covered in sharp spines.


Message History

Grinder is struck by your spines. Grinder hits you.
You writhe in agony.
You closely miss Grinder.
Grinder is moderately wounded.
Grinder barely misses you.
You riposte.
You closely miss Grinder.
Grinder is moderately wounded.
You hit Grinder.
Grinder is moderately wounded.
Grinder is struck by your spines. Grinder hits you.
You writhe in agony.
* * * LOW HITPOINT WARNING * * *
You are too injured to fight recklessly!
You are too injured to fight recklessly!
You are too injured to fight recklessly!
You hit Grinder.
Grinder is heavily wounded.
Grinder is struck by your spines. Grinder hits you.
* * * LOW HITPOINT WARNING * * *
You closely miss Grinder.
Grinder is severely wounded.
Grinder hits you!
You die...

# #.######
......## .....#
#†..# #.###5@.#
........<#
.$.....$.......>
#..............#
.............?.#
#..%...........#
#..............#
.....###.......#
.... .........


You could see Grinder.

Vanquished Creatures
  2 adders
  A leopard gecko (D:2)
  4 bats
  3 giant cockroaches
  6 hobgoblins
  A quokka (D:2)
  A frilled lizard (D:1)
  2 goblins
  3 kobolds (D:1)
  3 rats
26 creatures vanquished.

Notes
Turn   | Place    | Note
-------+----------+-------------------------------------------
     0 | Abyss:1  | McKennaii the Demonspawn Abyssal Knight began the quest for the Orb.
     0 | Abyss:1  | Reached XP level 1. HP: 18/18 MP: 2/2
     2 | D:1      | Escaped the Abyss
   169 | D:1      | You fall through a shaft!
   251 | D:2      | Reached * piety under Lugonu
   266 | D:2      | Gained mutation: You have a somewhat thin skeletal structure. (Dex +2, Stealth) [demonic ancestry]
   266 | D:2      | Reached XP level 2. HP: 24/24 MP: 3/3
   289 | D:2      | Reached skill level 1 in Dodging
  1013 | D:1      | Gained mutation: You are partially covered in sharp spines. [demonic ancestry]
  1013 | D:1      | Reached XP level 3. HP: 29/29 MP: 4/4
  1297 | D:3      | Noticed Grinder
  1308 | D:3      | Slain by Grinder

Skill      XL: |  1  2 |
---------------+-------+-----
Armour         | 2 |  2.1
Long Blades    | 2 |  2.4
Dodging        | 1 |  1.2
Fighting       | |  3.6
Invocations    | |  2.5

Action                   || total
-------------------------++-------
Melee: Falchion          ||    72
Invok: Depart the Abyss  ||     1
  Use: Scroll            ||     5
       Potion            ||     2
  Eat: Meat ration       ||     1
Armor: Leather armour    ||    25
Dodge: Dodged            ||    54
       Rpst.: Falchion   ||    14
